 Dungeon Crawl Stone Soup version 0.26.1-11-gd32895ea62 (webtiles) character file.

Game seed: 4559496305031344582

1 jlumianski the Caller (level 1, 0/7 HPs)
             Began as a Felid Summoner on May 31, 2021.
             Killed from afar by a dart slug (3 damage)
             ... with a slug dart
             ... on level 1 of the Dungeon.
             The game lasted 00:00:36 (94 turns).

jlumianski the Caller (Felid Summoner)                Turns: 94, Time: 00:00:37

Health: 0/7        AC:  1    Str:  4    XL:     1   Next: 16%
Magic:  4/4        EV: 18    Int: 16    God:
Gold:   0          SH:  0    Dex: 16    Spells: 3/4 levels left
                                        Lives:  0   Deaths: 0

rFire    . . .     SeeInvis +   (weapon unavailable)
rCold    . . .     Faith    .   (shield unavailable)
rNeg     . . .     Spirit   .   (armour unavailable)
rPois    .         Reflect  .   (helmet unavailable)
rElec    .         Harm     .   (cloak unavailable)
rCorr    .         Rampage  .   (gloves unavailable)
Will     .....                  (boots unavailable)
Stlth    +++.......             (no amulet)
HPRegen  0.02/turn              (no ring)
MPRegen  0.09/turn              (no ring)

@: quick
A: very small, no armour, no weapons or thrown items, stealth, claws 1, fangs 3,
see invisible, speed 1, shaggy fur 1, sharp paws
a: no special abilities


You were on level 1 of the Dungeon.
You visited 1 branch of the dungeon, and saw 1 of its levels.

Inventory:

Jewellery
 b - a +4 ring of protection {unknown}
Scrolls
 a - a scroll of enchant armour {unknown}


   Skills:
 + Level 2.6 Dodging
 + Level 2.6 Stealth
 + Level 2.0 Spellcasting
 + Level 4.0 Summonings


You had 3 spell levels left.
You knew the following spells:

 Your Spells              Type           Power        Failure   Level
a - Summon Small Mammal   Summ           56%          4%          1

Your spell library contained the following spells:

 Spells                   Type           Power        Failure   Level
 Call Imp                 Summ           14%          6%          2
 Call Canine Familiar     Summ           14%          12%         3
 Summon Guardian Golem    Hex/Summ       8%           26%         3
 Summon Ice Beast         Ice/Summ       8%           65%         4
 Summon Lightning Spire   Summ/Air       8%           65%         4


Dungeon Overview and Level Annotations

Branches:
Dungeon (1/15)

Altars:


Innate Abilities, Weirdness & Mutations

You cannot wear armour.
You are incapable of wielding weapons or throwing items.
Your paws allow you to move quietly. (Stealth)
You have sharp claws.
You have razor-sharp teeth.
You have supernaturally acute eyesight. (SInv)
You cover ground quickly.
You are covered in fur. (AC +1)
Your sharp claws are effective at attacking unaware monsters.


Message History

Your bat disappears in a puff of smoke!
Unknown command.
You see here a bat corpse.
Your rat disappears in a puff of smoke!
Found a scroll labelled ZUOKOU EWOANLY.
Your rat disappears in a puff of smoke!
Found a gilded ring.
Found a stone staircase leading down.
a - a scroll labelled ZUOKOU EWOANLY
Found a scroll labelled ROSIGIA TIXEX.
A dart slug comes into view.
Found 21 stones.
A bat and a kobold come into view.
You see here a gilded ring.
b - a gilded ring The dart slug launches a dart at you.
The slug dart hits you.
Ouch! That really hurt!
The dart slug launches a dart at you. The slug dart hits you.
You die...

.#.#.#.#.# ...... #...
.........# ..... #.#8
.#.#.#.#.##...# #.#.
.........#.?# #.##
.#.#.#.#...# ########.##
.......w...##### #........##
.#.#.#.#.......#####...†.#####
..................##....(#
..###........@...........# .
#..........#.#.#....(#
##.##...###..........## #.
#....#...#.#......## ..
#..#.........(...... .##
#..#...........(.... ..
................)....
.##..###.....####.#... ..
............# .....


You could see a dart slug.

Vanquished Creatures
  A bat (D:1)
1 creature vanquished.

Vanquished Creatures (collateral kills)
  A kobold (D:1)
1 creature vanquished.

Grand Total: 2 creatures vanquished

Notes
Turn   | Place    | Note
-------+----------+-------------------------------------------
     0 | D:1      | jlumianski the Felid Summoner began the quest for the Orb.
     0 | D:1      | Reached XP level 1. HP: 7/7 MP: 4/4
     6 | D:1      | Noticed a hog
     6 | D:1      | Noticed a four-headed hydra
     6 | D:1      | Noticed a snapping turtle
     7 | D:1      | Noticed a swamp worm
     7 | D:1      | Noticed a polar bear
    94 | D:1      | Killed from afar by a dart slug

Illustrated notes

Levels and vault maps discovered:
D:1:      onia_arrival_zoo_common, layout_rooms, serial_glass, glass_columns_a,
          glass_columns_c, glass_columns_a, glass_columns_c, glass_columns_a,
          glass_columns_a, glass_columns_c, glass_columns_a, glass_columns_a,
          glass_columns_a, glass_columns_a, glass_columns_b, glass_columns_a,
          glass_columns_a, kennysheep_crisscross, minmay_distorted

Action                   || total
-------------------------++-------
Melee: Unarmed           ||     3
 Cast: Summon Small Mamm ||     4
Armor: Skin              ||     1
Dodge: Dodged            ||     8
